 Dungeon Crawl Stone Soup version 0.31-a0-835-g2a3a5bc3be (webtiles) character file.

Game seed: 6742827916764182964

194 CrazyBamboolord the Digger (level 5, -2/30 HPs)
             Began as a Gargoyle Earth Elementalist on Sept 26, 2023.
             Slain by Sigmund
             ... wielding a +4 scythe of protection
              (11 damage)
             ... on level 3 of the Dungeon.
             The game lasted 00:05:47 (2454 turns).

CrazyBamboolord the Digger (GrEE)                   Turns: 2454, Time: 00:05:48

Health: -2/30      AC:  6    Str: 12    XL:     5   Next: 73%
Magic:  5/9        EV: 12    Int: 17    God:
Gold:   171        SH:  0    Dex: 10    Spells: 6/9 levels left

rFire   . . .        n - +5 Force Lance {heavy, knockback}
rCold   + . .        (no shield)
rNeg    + . .        a - +0 robe
rPois   ∞            (no helmet)
rElec   +            (no cloak)
rCorr   .            (no gloves)
SInv    .            (no boots)
Will    .....        (no amulet)
Stlth   ++           j - ring of protection from cold
HPRegen 0.25/turn    (no ring)
MPRegen 0.11/turn

%: no passive effects
@: slowed, very slow
A: sickness immunity, AC +4, negative energy resistance 1, electricity
resistance, torment resistance 1, petrification resistance
a: no special abilities


You were on level 3 of the Dungeon.
You visited 1 branch of the dungeon, and saw 3 of its levels.

You collected 171 gold pieces.

Inventory:

Hand Weapons
 n - the +5 Force Lance (weapon) {heavy, knockback}
   (You found it on level 3 of the Dungeon)
Armour
 a - a +0 robe (worn)
Magical Staves
 o - a staff of fire
Jewellery
 j - a ring of protection from cold (left hand)
Scrolls
 d - a scroll of acquirement {unknown}
 e - 4 scrolls of teleportation
 f - a scroll of poison
 k - a scroll of vulnerability {unknown}
 l - 3 scrolls of fear
Potions
 b - 2 potions of magic
 c - a potion of lignification {unknown}
 g - a potion of degeneration {unknown}
 h - 3 potions of curing
 i - 2 potions of attraction
 m - a potion of heal wounds {unknown}


   Skills:
 + Level 1.7 Fighting
 * Level 2.5 Dodging
 + Level 3.1 Stealth
 * Level 2.8 Spellcasting
 + Level 1.0 Conjurations
 + Level 1.5 Transmutations
 * Level 4.6 Earth Magic


You had 6 spell levels left.
You knew the following spells:

 Your Spells              Type           Power      Damage    Failure   Level
a - Sandblast             Erth           36%        2d10      2%          1
b - Passwall              Tmut/Erth      10%        N/A       8%          2

Your spell library contained the following spells:

 Spells                   Type           Power      Damage    Failure   Level
 Stone Arrow              Conj/Erth      24%        3d8       17%         3
 Petrify                  Tmut/Erth      12%        N/A       45%         4
 Call Canine Familiar     Summ           2%         N/A       47%         3
 Sigil of Binding         Hex            2%         N/A       47%         3
 Brom's Barrelling Bould  Conj/Erth      12%        2d4       50%         4
 Leda's Liquefaction      Hex/Erth       5%         N/A       56%         4
 Dimensional Bullseye     Hex/Tloc       1%         N/A       87%         4


Dungeon Overview and Level Annotations

Branches:
Dungeon (3/15)

Altars:

Shops:
D:1 (

Annotations:
D:3 Sigmund


Innate Abilities, Weirdness & Mutations

You are immune to sickness and miasma.
Your stone body is resilient. (AC +4)
You are immune to poison.
You resist negative energy. (rN+)
You are resistant to electric shocks. (rElec)
You are resistant to unholy torment.
You are immune to petrification.


Message History

Natasha casts a spell at you. You resist with some effort.
You barely miss Natasha.
Natasha is moderately wounded.
Natasha casts a spell at you. The magic dart hits you. Natasha claws you.
Unknown command.
Aiming: Sandblast (safe; 2% risk of failure)
Press: ? - help, Q - select action, (/) - cycle Shift-Dir - straight line, f/p - Natasha
Aim: Natasha (moderately wounded, 77% to hit)
The blast of sand hits Natasha!
Natasha is almost dead.
Natasha claws you. Natasha closely misses you.
Aiming: Sandblast (safe; 2% risk of failure)
Press: ? - help, Q - select action, (/) - cycle Shift-Dir - straight line, f/p - Natasha
Aim: Natasha (almost dead, 77% to hit)
The blast of sand hits Natasha but does no damage.
Natasha is almost dead.
Natasha casts a spell at you. The magic dart hits you.
Aiming: Sandblast (safe; 2% risk of failure)
Press: ? - help, Q - select action, (/) - cycle Shift-Dir - straight line, f/p - Natasha
Aim: Natasha (almost dead, 77% to hit)
The blast of sand hits Natasha.
Natasha is almost dead.
Natasha mumbles some strange words.
You feel disoriented. Natasha misses you. Something hits you!
* * * LOW HITPOINT WARNING * * *
Natasha casts a spell at you.
You feel yourself slow down.
Unknown command.
Aiming: Sandblast (safe; 2% risk of failure)
Press: ? - help, Q - select action, (/) - cycle Shift-Dir - straight line, f/p - Natasha
Aim: Natasha (almost dead, 77% to hit)
The blast of sand hits Natasha.
You kill Natasha!
Natasha growls in agony!
Something hits you!
You die...

.#..................##...##
.#........................#
##.........................
###...............{........
# #........................
# #.......................#
# ##.................#...##
##...........##...#####
########.###@....# # #.#
#.#.#.# # #.. #.# # #
##.#..# # ...## # ..# # ###
# #


There were no monsters in sight!

Vanquished Creatures
  A howler monkey (D:3)
  Natasha (D:3)
  An orc wizard (D:3)
  3 gnolls (D:3)
  3 adders (D:3)
  A dart slug (D:2)
  5 orcs
  5 bats
  3 endoplasms
  4 giant cockroaches
  7 goblins
  6 hobgoblins
  3 jackals
  6 kobolds
  4 quokkas
  8 ball pythons
  2 frilled lizards (D:2)
  4 rats
67 creatures vanquished.

Notes
Turn   | Place    | Note
-------+----------+-------------------------------------------
     0 | D:1      | CrazyBamboolord the Gargoyle Earth Elementalist began the
                  | quest for the Orb.
     0 | D:1      | Reached XP level 1. HP: 10/10 MP: 3/3
    40 | D:1      | Found Morphong's Antique Weapon Shop.
    52 | D:1      | Reached XP level 2. HP: 16/16 MP: 0/5
   321 | D:1      | Found a faded altar of an unknown god.
   374 | D:1      | Reached skill level 1 in Transmutations
   450 | D:1      | Reached skill level 4 in Earth Magic
   453 | D:1      | Learned a level 2 spell: Passwall
   693 | D:2      | Reached XP level 3. HP: 20/20 MP: 3/6
  1003 | D:2      | Reached skill level 1 in Fighting
  1619 | D:3      | Reached XP level 4. HP: 25/25 MP: 2/7
  1957 | D:3      | Reached XP level 5. HP: 29/29 MP: 3/9
  2093 | D:3      | Found the +5 Force Lance {heavy, knockback}
  2344 | D:3      | Reached skill level 1 in Conjurations
  2442 | D:3      | Noticed Natasha
  2445 | D:3      | Noticed Sigmund
  2454 | D:3      | Killed Natasha
  2454 | D:3      | Slain by Sigmund

Illustrated notes

Levels and vault maps discovered:
D:1:      lemuel_arrival_behind_the_door_small, layout_rooms, serial_rivers,
          chequers_serial_rivers_micro_c, chequers_serial_rivers_micro_d,
          chequers_serial_rivers_micro_b, chequers_serial_rivers_room_b,
          chequers_serial_rivers_micro_d, serial_shops, shop,
          shapermc_ecumenical_altar_venn, minmay_heptomino_o4
D:2:      layout_loops_cross, hangedman_feature_mirror
D:3:      layout_rooms, uniq_natasha, uniq_sigmund

Skill      XL: |  1  2  3  4  5 |
---------------+----------------+-----
Transmutations | 1 |  1.5
Earth Magic    | 4 |  4.6
Dodging        | 2 |  2.5
Fighting       | 1 |  1.7
Stealth        | 3 |  3.1
Conjurations   | 1 |  1.0
Spellcasting   | |  2.8

Action                     |  1- 3 |  4- 6 || total
---------------------------+-------+-------++-------
  Melee: Unarmed           |     7 |       ||     7
         Trident           |     3 |    11 ||    14
         Lance             |       |     1 ||     1
   Cast: Sandblast         |    52 |    51 ||   103
    Use: Scroll            |     3 |     2 ||     5
 Armour: Robe              |    12 |    25 ||    37
  Dodge: Dodged            |    15 |    35 ||    50

Table legend: (Time is in decaauts)
 A = Elapsed time spent in this place.
 B = Non-inter-level travel time spent in this place.
 C = Inter-level travel time spent in this place.
 D = Time resting spent in this place.
 E = Time spent auto-exploring this place.
 F = Levels seen in this place.
 G = Mean time per level.
                   A        B        C        D        E       F      G
               +--------+--------+--------+--------+--------+-----+--------+
         Total |   2511 |   2478 |     33 |      7 |   2046 |   3 |  837.0 |
       Dungeon |   2511 |   2478 |     33 |      7 |   2046 |   3 |  837.0 |
               +--------+--------+--------+--------+--------+-----+--------+

Top non-repeatable levels by time:
     D:2: 945 daAuts
     D:3: 871 daAuts
     D:1: 694 daAuts
